 Dungeon Crawl Stone Soup version 0.28.0-45-g0d030f2227 (webtiles) character file.

Game seed: 4423551672917040731

1912 MisterFreud the Insei (level 8, -1/75 (79) HPs)
             Began as a Yellow Draconian Transmuter on May 3, 2022.
             Was a Priest of Cheibriados.
             Slain by a gnoll
             ... wielding a +2 whip of draining
              (5 damage)
             ... on level 6 of the Dungeon.
             The game lasted 00:07:47 (6768 turns).

MisterFreud the Insei (Yellow Draconian Transmuter) Turns: 6768, Time: 00:07:48

HP:   -1/75 (79)    AC:  6    Str: 20    XL:     8   Next: 95%
MP:   9/12          EV: 13    Int: 24    God:    Cheibriados [***...]
Gold: 215           SH:  0    Dex: 20    Spells: 3/13 levels left

rFire   x . .      SeeInvis .     - Unarmed
rCold   + + +      Faith    .   (shield currently unavailable)
rNeg    . . .      Spirit   .   (armour unavailable)
rPois   +          Reflect  .   (helmet currently unavailable)
rElec   .          Harm     .   (cloak currently unavailable)
rCorr   .          Rampage  .   (gloves currently unavailable)
Will    .....                   (boots currently unavailable)
Stlth   +.........              (no amulet)
HPRegen 0.22/turn               g - ring of wizardry
MPRegen 0.13/turn               (no ring)

@: lit by a corona, about to teleport, ice-form, glowing, lightly drained, very
slow
A: freezing attack, amphibious, boosted hp, (spit acid), AC +6, large, unfitting
armour, (cold-blooded), (acid resistance)
a: End Transformation, Renounce Religion, Bend Time, Temporal Distortion


You were on level 6 of the Dungeon.
You worshipped Cheibriados.
Cheibriados was most pleased with you.
You were a creature of crystalline ice.
You visited 1 branch of the dungeon, and saw 6 of its levels.

You collected 241 gold pieces.
You spent 26 gold pieces at shops.

Inventory:

Missiles
 j - 5 boomerangs
 l - 12 poisoned darts
 m - a throwing net
Jewellery
 g - a ring of wizardry (left front paw)
Scrolls
 c - a scroll of teleportation
 i - a scroll of holy word {unknown}
Potions
 a - a potion of lignification {unknown}
 b - 2 potions of curing
 d - 2 potions of flight
 e - 2 potions of heal wounds
 f - 2 potions of ambrosia {unknown}
 h - a potion of resistance
 k - a potion of mutation {unknown}


   Skills:
 - Level 4.0 Fighting
 - Level 6.0 Dodging
 - Level 6.0 Unarmed Combat
 - Level 3.0 Spellcasting
 - Level 5.0 Transmutations
 + Level 5.5 Invocations


You had 3 spell levels left.
You knew the following spells:

 Your Spells              Type           Power      Damage    Failure   Level
a - Beastly Appendage     Tmut           54%        N/A       1%          1
b - Wereblood             Tmut           27%        N/A       1%          2
c - Spider Form           Tmut/Pois      15%        N/A       4%          3
d - Ice Form              Ice/Tmut       15%        N/A       16%         4

Your spell library contained the following spells:

 Spells                   Type           Power      Damage    Failure   Level


Dungeon Overview and Level Annotations

Branches:
Dungeon (6/15)             Temple (0/1) D:4

Altars:
Cheibriados
Gozag
Kikubaaqudgha
Okawaru
Yredelemnul

Shops:
D:4 *

Annotations:
D:4 2 transporters


Innate Abilities, Weirdness & Mutations

You are a creature of crystalline ice.
You have a powerful freezing melee attack.
You are amphibious.
Your maximum health is increased.
Your armour is entirely melded.
You are incapable of wielding weapons or throwing items.
((You can spit globs of acid.))
((Your golden yellow scales are hard. (AC +6)))
You cannot fit into any form of body armour.
((You are cold-blooded and may be slowed by cold attacks.))
((You are resistant to acid. (rCorr)))


Message History

Pikel melts you. The lemure hits you.
* * * LOW HITPOINT WARNING * * *
You punch Pikel! You freeze Pikel.
You kill Pikel!
Cheibriados appreciates the change of pace.
With Pikel's spell broken, his former minion thanks you for its freedom.
The lemure departs this earthly plane.
Training target 6.0 for Dodging reached!
Your Dodging skill increases to level 6!
Your Invocations skill gained 3 levels and is now at level 5!
Unknown command.
You punch the ogre! You freeze the ogre.
The ogre is severely wounded.
The ogre barely misses you. The gnoll shaman misses you.
You hit the ogre. You freeze the ogre.
The ogre is severely wounded.
The ogre barely misses you.
You punch the ogre! You freeze the ogre.
You kill the ogre!
Cheibriados appreciates the change of pace.
The gnoll shaman barely misses you.
The gnoll hits you from afar with a +0 spear!
* * * LOW HITPOINT WARNING * * *
You hit the gnoll. You freeze the gnoll.
The gnoll is lightly wounded.
The gnoll hits you with a +2 whip of draining!
* * * LOW HITPOINT WARNING * * *
You feel drained.
* * * LOW HITPOINT WARNING * * *
The gnoll shaman invokes the aid of its god against you.
You are outlined in light.
The gnoll closely misses you.
Unknown command.
Unknown command.
As you read the scroll of teleportation, it crumbles to dust.
You feel strangely unstable.
The gnoll hits you with a +2 whip of draining.
* * * LOW HITPOINT WARNING * * *
You feel drained. The gnoll hits you but does no damage.
The gnoll hits you with a +2 whip of draining.
You die...

....... ...#
<.8....###...
...........# g..........
g.......†# #...!...g####
..........†.##
.........g#gg##
≈........))gY.#
≈≈......####..##
≈≈.....####....###
≈≈#.... #........##
≈≈####..#..##.##..#
##....#..##..#
###.....##...##
####.##....##>...#
#..........#....########


You could see a gnoll shaman and 4 gnolls.

Vanquished Creatures
  Pikel (D:6)
  A water moccasin (D:6)
  A sky beast (D:5)
  2 necrophages
  3 ogres
  3 lemures (D:6)
  A phantom (D:4)
  A scorpion (D:5)
  4 wights (D:5)
  A howler monkey (D:6)
  A centaur zombie (D:6)
  An orc priest (D:5)
  A hound (D:5)
  A jelly (D:5)
  A bullfrog skeleton (D:5)
  An iguana (D:4)
  A scorpion zombie (D:5)
  4 orc wizards
  A killer bee zombie (D:6)
  A gnoll (D:6)
  3 adders
  2 worms
  2 dart slugs
  22 orcs
  5 ball pythons
  A bat (D:1)
  5 endoplasms
  2 giant cockroaches
  11 goblins
  12 hobgoblins
  13 kobolds
  3 quokkas
  8 frilled lizards
  8 rats
128 creatures vanquished.

Vanquished Creatures (others)
  An orc wizard (D:4)
1 creature vanquished.

Grand Total: 129 creatures vanquished

Notes
Turn   | Place    | Note
-------+----------+-------------------------------------------
     0 | D:1      | MisterFreud the Draconian Transmuter began the quest for
                  | the Orb.
     0 | D:1      | Reached XP level 1. HP: 16/16 MP: 3/3
    30 | D:1      | Found a snail-covered altar of Cheibriados.
   267 | D:1      | Became a worshipper of Cheibriados the Contemplative
   357 | D:1      | Reached XP level 2. HP: 21/23 MP: 3/5
   362 | D:1      | Learned a level 2 spell: Wereblood
   383 | D:1      | Found a faded altar of an unknown god.
   987 | D:1      | Reached XP level 3. HP: 28/28 MP: 4/6
  1076 | D:1      | Reached * piety under Cheibriados
  1516 | D:2      | Learned a level 3 spell: Spider Form
  1980 | D:2      | Reached XP level 4. HP: 31/35 MP: 7/7
  3617 | D:4      | Reached ** piety under Cheibriados
  3618 | D:4      | Reached skill level 5 in Transmutations
  3919 | D:4      | Noticed an ogre
  3922 | D:4      | Reached XP level 5. HP: 38/40 MP: 6/8
  3928 | D:4      | Killed an ogre
  3978 | D:4      | Found a transporter.
  4000 | D:4      | Found a transporter.
  4061 | D:4      | Found an iron altar of Okawaru.
  4232 | D:4      | Reached XP level 6. HP: 8/50 MP: 6/10
  4621 | D:4      | Found a staircase to the Ecumenical Temple.
  4626 | D:4      | Found Riwitte's Assorted Antiques.
  4790 | D:4      | Bought a scroll labelled TUDIG FIFRIL for 26 gold pieces
  5004 | D:4      | Learned a level 4 spell: Ice Form
  5120 | D:5      | Entered Level 5 of the Dungeon
  5279 | D:5      | Noticed a sky beast
  5288 | D:5      | Killed a sky beast
  5289 | D:5      | Your scales start taking on a golden yellow colour.
  5289 | D:5      | Reached XP level 7. HP: 59/59 MP: 7/11
  5289 | D:5      | Gained mutation: You are resistant to acid. (rCorr) [Yellow
                  | Draconian growth]
  5372 | D:5      | Reached skill level 5 in Unarmed Combat
  5932 | D:5      | Reached *** piety under Cheibriados
  5974 | D:5      | Found an ancient bone altar of Kikubaaqudgha.
  6237 | D:5      | Found a basalt altar of Yredelemnul.
  6247 | D:5      | Reached XP level 8. HP: 57/66 MP: 7/12
  6404 | D:5      | Found an opulent altar of Gozag.
  6486 | D:6      | Reached skill level 1 in Invocations
  6722 | D:6      | Reached skill level 5 in Dodging
  6747 | D:6      | Noticed Pikel
  6762 | D:6      | Killed Pikel
  6763 | D:6      | Reached skill level 5 in Invocations
  6768 | D:6      | Slain by a gnoll

Illustrated notes

Levels and vault maps discovered:
D:1:      dpeg_arrival_tiny_k, layout_basic, dreamdust_ecumenical_altar_statues,
          st_stairs_9, nrook_uturn, kennysheep_flooded_box,
          minmay_misc_feat_nine_boxes
D:2:      layout_basic
D:3:      layout_basic
D:4:      gammafunk_wand_slinger, layout_loops_ring, okawaru_metal_pillars_3,
          minmay_temple_entry_from_below_b, serial_shops, shop
D:5:      layout_loops_ring, mainiacjoe_overflow_surrounded_room,
          amethyst_overflow_temple_binary
D:6:      layout_cave_pools, good_gods_mini_temple, grunt_ministairs_1,
          water_boxes_lemuel, uniq_grinder, uniq_pikel

Skill      XL: |  1  2  3  4  5  6  7  8 |
---------------+-------------------------+-----
Transmutations | 3 4 5 |  5.0
Fighting       | 2 4 |  4.0
Spellcasting   | 3 |  3.0
Unarmed Combat | 4 6 |  6.0
Dodging        | 4 6 |  6.0
Invocations    | 5 |  5.5

Action                   |  1- 3 |  4- 6 |  7- 9 || total
-------------------------+-------+-------+-------++-------
Melee: Unarmed           |    98 |   143 |   122 ||   363
       Kick              |    16 |    14 |       ||    30
       Headbutt          |     8 |     7 |       ||    15
       Punch             |     6 |     3 |     1 ||    10
       Tailslap          |     4 |     3 |     3 ||    10
 Cast: Beastly Appendage |    25 |    17 |       ||    42
       Spider Form       |     1 |    10 |     2 ||    13
       Ice Form          |       |       |    12 ||    12
 Abil: Breathe Acid      |       |       |     3 ||     3
  Use: Potion            |     1 |       |       ||     1
       Scroll            |       |    13 |     1 ||    14
 Stab: Sleeping          |     1 |     1 |       ||     2
Armor: Skin              |    30 |    28 |    40 ||    98
Dodge: Dodged            |    58 |    93 |    77 ||   228
